 Dungeon Sprint DCSS version 0.22-a0-223-g0f5d773 (webtiles) character file.

28 Lapis the Digger (level 3, -6/28 HPs)
             Began as a Naga Earth Elementalist on Feb 18, 2018.
             Mangled by a water elemental (17 damage)
             ... in the Dungeon (Sprint III: "The Ten Rune Challenge").
             The game lasted 00:01:41 (604 turns).

Lapis the Digger (Naga Earth Elementalist)           Turns: 604, Time: 00:01:42

Health: -6/28      AC:  2    Str: 10    XL:     3   Next: 14%
Magic:  6/8        EV: 10    Int: 16    God:
Gold:   31         SH:  0    Dex: 11    Spells: 3/9 levels left

rFire    . . .     SeeInvis +   (no weapon)
rCold    . . .     Gourm    .   (no shield)
rNeg     . . .     Faith    .   c - +0 robe
rPois    +         Spirit   .   (no helmet)
rElec    .         Reflect  .   (no cloak)
rCorr    .         Harm     .   (no gloves)
MR       .....     NoTele   +   (no barding)
Stlth    ++........             (no amulet)
HPRegen  0.09/turn              (no ring)
MPRegen  0.11/turn              (no ring)

@: very slow
A: large, see invisible, deformed body, poison resistance, slowness 2, slow
metabolism 1, spit poison 1, sturdy frame 1, AC +1
a: Spit Poison


You were in the Dungeon.
You were not hungry.

You visited 1 branch You collected 31 gold pieces.

Inventory:

Missiles
 b - 16 stones (quivered)
Armour
 c - a +0 robe (worn)
Scrolls
 i - a scroll of blinking
 k - a scroll of identify {unknown}
 l - 2 scrolls of immolation {unknown}
 m - 3 scrolls of enchant armour {unknown}
 n - a scroll of amnesia {unknown}
 p - a scroll of magic mapping {unknown}
Potions
 d - a potion of curing
 e - a potion of heal wounds
 f - a potion of haste
 g - 2 potions of magic
 h - a potion of berserk rage
 o - 4 potions of flight
 q - 2 potions of mutation
Comestibles
 j - 3 rations


   Skills:
 - Level 1.5 Dodging
 - Level 3.0 Stealth
 + Level 3.6 Spellcasting
 * Level 0.2 Conjurations
 + Level 1.2 Transmutations
 + Level 5.6 Earth Magic


You had 3 spell levels left.
You knew the following spells:

 Your Spells              Type           Power        Failure   Level  Hunger
a - Sandblast             Erth           ###...       1%          1    None
b - Passwall              Tmut/Erth      ##........   6%          2    ##.....
c - Stone Arrow           Conj/Erth      ##....       16%         3    ###....


Dungeon Overview and Level Annotations

Branches:
Dungeon (1/1)

Altars:


Innate Abilities, Weirdness & Mutations

You cannot wear boots.
Your serpentine skin is tough. (AC +1)
You have supernaturally acute eyesight. (SInv)
Armour fits poorly on your strangely shaped body.
Your system is resistant to poisons. (rPois)
You cover ground very slowly.
You have a slow metabolism.
You can spit poison.
Your movements are slightly less encumbered by armour. (ER -2)


Message History

Aiming: Sandblast (safe; 1% risk of failure)
Press: ? - help, Shift-Dir - straight line, f/p - water elemental
Aim: a water elemental The blast of sand hits the water elemental.
The water elemental is moderately damaged.
b - 16 stones The water elemental hits you!
The water elemental engulfs you in water!
You cannot cast spells while unable to breathe!
Unknown command.
With effort, you pull free of the water engulfing you.
You gasp with relief as air once again reaches your lungs.
The water elemental hits you.
The water elemental engulfs you in water!
You cannot cast spells while unable to breathe!
With effort, you pull free of the water engulfing you.
You gasp with relief as air once again reaches your lungs.
The water elemental hits you!
Ouch! That really hurt!
You die...

▓▓▓▓▓▓▓▓▓ ▓▓▓
▓<..#...#### ##.#
▓...#......#####..#
▓..##.......#..#..#
▓##.##.##...#..#..# #+#+#
##.##.###..##+#..#......
▓#.####.##..# #@E.'.⌠....
▓.###..##..####...#...###
▓#÷....##..###....# ⌠.#
###..##...##.....# .#
##..##....#......# #
#..###..##.#.....# #..#
#..#####....# ▓▓▓▓ ▓▓▓▓
▓▓▓▓▓▓


You could see a water elemental.

Vanquished Creatures
  A human (D)
  An ooze (D)
  A phantom (D)
  3 rats (D)
6 creatures vanquished.

Vanquished Creatures (others)
  2 draconian scorchers (D)
  6 hellions (D)
  A yaktaur (D)
  3 plants (D)
12 creatures vanquished.

Grand Total: 18 creatures vanquished

Notes
Turn   | Place    | Note
-------+----------+-------------------------------------------
     0 | D        | Lapis the Naga Earth Elementalist began the quest for the Orb.
     0 | D        | Reached XP level 1. HP: 15/15 MP: 3/3
    41 | D        | Killed a yaktaur
    47 | D        | Reached skill level 4 in Earth Magic
   113 | D        | Killed a hellion
   114 | D        | Killed a hellion
   138 | D        | Killed a hellion
   141 | D        | Killed a hellion
   149 | D        | Killed a hellion
   152 | D        | Killed a white draconian scorcher
   154 | D        | Reached XP level 2. HP: 9/22 MP: 3/5
   158 | D        | Learned a level 2 spell: Passwall
   170 | D        | Killed a hellion
   180 | D        | Gained mutation: Your body sometimes deteriorates upon taking damage. [potion of mutation]
   180 | D        | Gained mutation: You have a pair of small antennae on your head. [potion of mutation]
   180 | D        | Gained mutation: You are resistant to electric shocks. (rElec) [potion of mutation]
   181 | D        | Lost mutation: You have a pair of small antennae on your head. [potion of mutation]
   181 | D        | Lost mutation: Your body sometimes deteriorates upon taking damage. [potion of mutation]
   181 | D        | Gained mutation: You are clumsy. (Dex -2) [potion of mutation]
   181 | D        | Gained mutation: Your movements are slightly less encumbered by armour. (ER -2) [potion of mutation]
   182 | D        | Lost mutation: You are resistant to electric shocks. (rElec) [potion of mutation]
   182 | D        | Lost mutation: You are clumsy. (Dex -2) [potion of mutation]
   182 | D        | Gained mutation: You tend to lose your temper in combat. [potion of mutation]
   182 | D        | Lost mutation: You tend to lose your temper in combat. [potion of mutation]
   235 | D        | Killed a white draconian scorcher
   350 | D        | Reached skill level 5 in Earth Magic
   350 | D        | Reached XP level 3. HP: 7/28 MP: 0/8
   355 | D        | Learned a level 3 spell: Stone Arrow
   600 | D        | Noticed a water elemental
   604 | D        | Mangled by a water elemental

Vault maps used:
D:        dungeon_sprint_mu

Skill      XL: |  1  2 |
---------------+-------+-----
Earth Magic    | 4 5 |  5.6
Spellcasting   | 3 |  3.6
Dodging        | |  1.5
Stealth        | |  3.0
Conjurations   | |  0.2
Transmutations | |  1.2

Action                   || total
-------------------------++-------
Melee: Unarmed           ||     5
 Cast: Sandblast         ||    14
       Passwall          ||     2
 Abil: Spit Poison       ||     4
  Use: Potion            ||     3
 Stab: Sleeping          ||     1
Dodge: Dodged            ||     2

Table legend:
 A = Spawn XP
 B = Non-spawn XP
 C = Spawn XP percentage of total XP
 D = Spawn monster count
 E = Non-spawn monster count
 F = Spawn count percentage of total count
 G = Total turns spent on level
                    A         B        C        D         E        F      G
               +---------+---------+-------+---------+---------+-------+---------
         Total |       0 |      41 |   0.0 |       0 |       6 |   0.0 |   604
               +---------+---------+-------+---------+---------+-------+---------
             D |       0 |      41 |   0.0 |       0 |       6 |   0.0 |   604
               +---------+---------+-------+---------+---------+-------+---------
